 Dungeon Crawl Stone Soup version 0.21.1-1-g345015fe64 (webtiles) character file.

2861 Fascinator the Slasher (level 9, -4/68 HPs)
             Began as a Demonspawn Fighter on July 16, 2018.
             Was a Follower of Dithmenos.
             Slain by a hornet (9 damage)
             ... on level 7 of the Dungeon.
             The game lasted 00:15:22 (4640 turns).

Fascinator the Slasher (Demonspawn Fighter)         Turns: 4640, Time: 00:15:22

Health: -4/68      AC: 17    Str: 23    XL:     9   Next: 47%
Magic:  0/11       EV:  9    Int: 10    God:    Dithmenos [*.....]
Gold:   342        SH: 10    Dex: 14    Spells: 8/8 levels left

rFire    . . .     SeeInvis .   B - +0 rapier
rCold    . . .     Gourm    .   c - +0 shield
rNeg     . . .     Faith    .   b - +0 scale mail
rPois    .         Spirit   +   i - +1 helmet
rElec    .         Reflect  .   (no cloak)
rCorr    .         Harm     .   (no gloves)
MR       .....                  (no boots)
Stlth    +.........             (no amulet)
HPRegen  0.21/turn              x - +2 ring of slaying
MPRegen  0.12/turn              t - +5 ring of protection

@: mighty, lethally poisoned (-4 -> -11), hasted and slowed, wreathed by umbra
A: talons 2, molten scales 2, spiny 1, magic shield
a: Renounce Religion


You were on level 7 of the Dungeon.
You worshipped Dithmenos.
Dithmenos was aware of your devotion.
You were not hungry.

You visited 2 branches of the dungeon, and saw 8 of its levels.

You collected 342 gold pieces.

Inventory:

Hand Weapons
 B - a +0 rapier (weapon)
Armour
 b - a +0 scale mail (worn)
 c - a +0 shield (worn)
 i - a +1 helmet (worn)
Jewellery
 r - a +2 ring of evasion
 t - a +5 ring of protection (right hand)
 x - a +2 ring of slaying (left hand)
Wands
 G - a wand of polymorph (21)
Scrolls
 e - 2 scrolls of amnesia
 j - a scroll of enchant weapon
 n - 2 scrolls of fog
 o - a scroll of teleportation
 q - 5 scrolls of remove curse
 v - 2 scrolls of fear
Potions
 g - a potion of cancellation
 k - 2 potions of agility
 m - 3 potions of curing
 w - a potion of haste
 D - a potion of resistance
Comestibles
 f - 13 rations


   Skills:
 + Level 5.0 Fighting
 * Level 3.1(5.5) Short Blades
   Level 7.0(7.3) Long Blades
 + Level 5.1 Armour
 + Level 2.5 Dodging
 * Level 4.0 Stealth
 + Level 5.0 Shields
 * Level 3.8 Invocations
 * Level 1.2 Evocations


You had 8 spell levels left.
You didn't know any spells.

Dungeon Overview and Level Annotations

Branches:
Dungeon (7/15)             Temple (1/1) D:5

Altars:
Ashenzari
Cheibriados
Dithmenos
Elyvilon
Fedhas
Gozag
Hepliaklqana
Kikubaaqudgha
Makhleb
Nemelex Xobeh
Okawaru
Qazlal
Ru
Sif Muna
Trog
Uskayaw
Vehumet
Wu Jian
Xom
Yredelemnul
Zin
The Shining One


Innate Abilities, Weirdness & Mutations

You have razor-sharp toenails.
You are mostly covered in molten scales. (AC +3)
You are partially covered in sharp spines.
When hurt, damage is shared between your health and your magic reserves.


Message History

The hornet closely misses you. The hornet stings you!
* * * LOW HITPOINT WARNING * * *
You feel yourself slow down.
You feel yourself speed up.
You feel yourself speed up. The hornet barely misses you.
The hornet is struck by your spines.
The hornet stings you but does no damage.
You block the hornet's attack.
You feel better.
The hornet stings you but does no damage.
You feel very mighty all of a sudden. The hornet stings you!
* * * LOW HITPOINT WARNING * * *
You are lethally poisoned!
You feel yourself slow down.
You puncture the hornet! Your kick misses the hornet.
The hornet is almost dead.
* * * LOW HITPOINT WARNING * * *
You feel sick. The hornet stings you!
You die...

#..........
#.....##.## #.
..#.##..#.......
...
.....<.....##.##...
###.###.##.##.##.##
#.###.##........
#.....##.##.Z.
#####.##.##g##..#.
#....@yc......
#...###.##.##..#.
#... #.# .# #...
#.# .# ..... ... ..
...... ... ..
...... ..###... ##
###


You could see a hornet, a centaur, a gnoll and a quokka skeleton.

Vanquished Creatures
  Pikel (D:5)
  The ghost of cokecookie the Magician, a novice DEWz of Vehumet (D:6)
  The ghost of Fascinator the Slasher, an amateur DsFi (D:4)
  2 hippogriffs
  Duvessa (D:5)
  2 orc warriors (D:7)
  A sky beast (D:5)
  2 ogres
  A centaur (D:6)
  A bullfrog (D:6)
  Dowan (D:5)
  A scorpion (D:5)
  2 howler monkeys
  2 crimson imps (D:6)
  A gnoll shaman (D:7)
  3 orc wizards
  A bullfrog skeleton (D:4)
  A centaur skeleton (D:6)
  An orc priest (D:4)
  2 iguanas (D:4)
  3 worker ants
  5 gnolls
  8 adders
  A shadow imp (D:6)
  3 oozes
  2 worms
  A dart slug (D:1)
  3 leopard geckos
  10 orcs
  4 giant cockroaches
  7 goblins
  A hobgoblin (D:2)
  2 jackals (D:7)
  6 kobolds
  A quokka (D:4)
  2 ball pythons
  7 bats
  4 frilled lizards
  A jackal skeleton (D:4)
  2 jackal zombies
  A leopard gecko skeleton (D:4)
  6 rats
108 creatures vanquished.

Vanquished Creatures (others)
  2 slaves (D:5)
  A human (D:3)
  An adder zombie (D:5)
4 creatures vanquished.

Grand Total: 112 creatures vanquished

Notes
Turn   | Place    | Note
-------+----------+-------------------------------------------
     0 | D:1      | Fascinator the Demonspawn Fighter began the quest for the Orb.
     0 | D:1      | Reached XP level 1. HP: 18/18 MP: 1/1
   114 | D:1      | Gained mutation: You are partially covered in sharp spines. [demonic ancestry]
   114 | D:1      | Reached XP level 2. HP: 22/24 MP: 2/2
   414 | D:1      | Reached skill level 2 in Long Blades
   414 | D:1      | Gained mutation: You have sharp toenails. [demonic ancestry]
   414 | D:1      | Reached XP level 3. HP: 29/29 MP: 3/3
  1440 | D:3      | Found an ancient bone altar of Kikubaaqudgha.
  1443 | D:3      | Noticed a human
  1444 | D:3      | Killed a human
  1564 | D:3      | Gained mutation: You are partially covered in molten scales. (AC +2) [demonic ancestry]
  1564 | D:3      | Reached XP level 4. HP: 36/36 MP: 4/4
  2084 | D:4      | Reached skill level 3 in Long Blades
  2122 | D:4      | Gained mutation: You are mostly covered in molten scales. (AC +3) [demonic ancestry]
  2122 | D:4      | Reached XP level 5. HP: 23/42 MP: 5/5
  2380 | D:4      | Found an ancient bone altar of Kikubaaqudgha.
  2485 | D:4      | Noticed Fascinator's ghost (amateur DsFi)
  2489 | D:4      | Reached skill level 4 in Long Blades
  2498 | D:4      | Killed Fascinator's ghost
  2498 | D:4      | Reached skill level 5 in Long Blades
  2498 | D:4      | Reached skill level 1 in Dodging
  2498 | D:4      | Gained mutation: When hurt, damage is shared between your health and your magic reserves. [demonic ancestry]
  2498 | D:4      | Reached XP level 6. HP: 42/48 MP: 6/6
  2526 | D:4      | Gained mutation: You have razor-sharp toenails. [demonic ancestry]
  2526 | D:4      | Reached XP level 7. HP: 38/54 MP: 4/7
  2704 | D:5      | Entered Level 5 of the Dungeon
  2721 | D:5      | Noticed Pikel
  2741 | D:5      | Killed Pikel
  2741 | D:5      | Reached skill level 6 in Long Blades
  2741 | D:5      | Reached skill level 1 in Stealth
  2741 | D:5      | Reached XP level 8. HP: 46/60 MP: 8/8
  2985 | D:5      | Found an ancient bone altar of Kikubaaqudgha.
  3295 | D:5      | Noticed Duvessa
  3295 | D:5      | Noticed Dowan
  3304 | D:5      | Killed Duvessa
  3308 | D:5      | Killed Dowan
  3313 | D:5      | Reached skill level 7 in Long Blades
  3339 | D:5      | Found a staircase to the Ecumenical Temple.
  3413 | Temple   | Entered the Ecumenical Temple
  3439 | Temple   | Became a worshipper of Dithmenos the Shadowed
  3812 | D:6      | Reached skill level 1 in Invocations
  3963 | D:6      | Reached skill level 1 in Short Blades
  4002 | D:6      | Noticed cokecookie's ghost (novice DEWz)
  4010 | D:6      | Killed cokecookie's ghost
  4010 | D:6      | Reached XP level 9. HP: 67/67 MP: 9/11
  4352 | D:7      | Reached skill level 5 in Armour
  4382 | D:7      | Reached * piety under Dithmenos
  4622 | D:7      | Reached skill level 5 in Fighting
  4622 | D:7      | Reached skill level 5 in Shields
  4622 | D:7      | Reached skill level 1 in Evocations
  4630 | D:7      | Paralysed by a hornet for 3 turns
  4640 | D:7      | Slain by a hornet

Skill      XL: |  1  2  3  4  5  6  7  8  9 |
---------------+----------------------------+-----
Armour         | 3 4 5 |  5.1
Long Blades    | 2 3 5 6 7 |  7.0
Shields        | 3 4 5 |  5.0
Dodging        | 1 2 |  2.5
Fighting       | 4 5 |  5.0
Stealth        | 1 3 4 |  4.0
Invocations    | 2 3 |  3.8
Short Blades   | 1 3 |  3.1
Evocations     | 1 |  1.2

Action                   |  1- 3 |  4- 6 |  7- 9 || total
-------------------------+-------+-------+-------++-------
Melee: Long sword        |    64 |    85 |    74 ||   223
       Kick              |    13 |    25 |    58 ||    96
       Rapier            |       |       |   110 ||   110
  Use: Potion            |       |     1 |     7 ||     8
       Scroll            |       |       |    17 ||    17
 Stab: Sleeping          |       |       |     1 ||     1
  Eat: Chunk             |     1 |     4 |     7 ||    12
Armor: Scale mail        |    30 |    48 |    68 ||   146
Dodge: Dodged            |    20 |    27 |    52 ||    99
Block: Shield            |    23 |    46 |    66 ||   135
       Rpst.: Long sword |     8 |     8 |     3 ||    19
